 Dungeon Crawl Stone Soup version 0.29.0-4-gdea44cf6ec (webtiles) character file.

Game seed: 6161055802818285329

47 qw the Sneak (level 3, -2/28 HPs)
             Began as a Ghoul Enchanter on Sept 6, 2022.
             Slain by a gnoll
             ... wielding a +0 spear
              (6 damage)
             ... on level 2 of the Dungeon.
             The game lasted 00:00:40 (1794 turns).

qw the Sneak (Ghoul Enchanter)                      Turns: 1794, Time: 00:00:41

Health: -2/28      AC:  9    Str: 13    XL:     3   Next: 70%
Magic:  4/4        EV:  6    Int: 10    God:
Gold:   106        SH:  0    Dex:  9    Spells: 5/5 levels left

rFire   . . .      SeeInvis .   Y - +0 hand axe
rCold   + . .      Faith    .   (no shield)
rNeg    + + +      Spirit   .   k - +0 chain mail
rPois   inf        Reflect  .   h - +0 helmet
rElec   .          Harm     .   (no cloak)
rCorr   .          Rampage  .   (no gloves)
Will    .....                   (no boots)
Stlth   ..........              (no amulet)
HPRegen 0.00/turn               (no ring)
MPRegen 0.09/turn               (no ring)

@: inhibited regen
A: claws 1, cold resistance 1, negative energy resistance 3, inhibited
regeneration, torment resistance 2, devour on kill
a: no special abilities


You were on level 2 of the Dungeon.
You visited 1 branch of the dungeon, and saw 2 of its levels.

You collected 106 gold pieces.


Innate Abilities, Weirdness & Mutations

You are immune to poison.
You have sharp fingernails.
Your flesh is cold resistant. (rC+)
You are immune to negative energy. (rN+++)
You do not regenerate when monsters are visible.
You are immune to unholy pain and torment.
You thrive by killing the living.


   Skills:
 + Level 1.5 Fighting
 - Level 0.8 Short Blades
 - Level 2.0 Axes
 - Level 1.2 Armour
 - Level 1.7 Dodging
 - Level 3.2 Stealth
 - Level 1.7 Spellcasting
 - Level 2.4 Hexes


You had 5 spell levels left.
You didn't know any spells.
Your spell library contained the following spells:

 Spells                   Type           Power      Damage    Failure   Level
 Ensorcelled Hibernation  Hex/Ice        6%         N/A       100%        2
 Confusing Touch          Hex            5%         N/A       100%        3
 Dazzling Flash           Conj/Hex       6%         N/A       100%        3
 Tukima's Dance           Hex            5%         N/A       100%        3

Inventory:

Hand Weapons
 j - a +0 club
 Y - a +0 hand axe (weapon)
Missiles
 d - a silver boomerang (quivered)
Armour
 b - the +4 ring mail "Ojadwups" {rC+ Int+10 Slay+3}
   (You found it on level 2 of the Dungeon)

   Int:       It affects your intelligence (+10).
   Slay:      It affects your accuracy & damage with ranged weapons and melee
   (+3).
   rC:        It protects you from cold.
 h - a +0 helmet (worn)
 k - a +0 chain mail (worn)
Scrolls
 a - 2 scrolls of blinking {unknown}
 c - a scroll of enchant weapon {unknown}
 g - a scroll of teleportation
Potions
 e - a potion of heal wounds {unknown}
 f - a potion of curing {unknown}
 i - a potion of ambrosia {unknown}
 l - a potion of haste {unknown}
 n - a potion of degeneration {unknown}
 o - a potion of magic {unknown}
 p - a potion of cancellation {unknown}

Dungeon Overview and Level Annotations

Branches:
Dungeon (2/15)

Altars:


Message History

The gnoll moves out of view.
Throw: boomerang (silver)
Press: ? - help, Q - select action Shift-Dir - straight line, f/p - gnoll You throw a silver boomerang.
The silver boomerang hits the gnoll.
You kill the gnoll!
Your Armour skill increases to level 1!
You start waiting.
A gnoll is nearby!
The gnoll hits you from afar with a +0 spear.
The gnoll hits you but does no damage.
You closely miss the gnoll. The gnoll hits you with a +0 spear.
You hit the gnoll.
The gnoll is lightly wounded.
The gnoll hits you with a +0 spear.
You closely miss the gnoll.
The gnoll is lightly wounded.
The gnoll shouts!
You hear a shout!
The gnoll hits you with a +0 spear.
You closely miss the gnoll.
The gnoll is lightly wounded.
The gnoll hits you but does no damage. The gnoll hits you with a +0 spear.
You closely miss the gnoll.
The gnoll is lightly wounded.
You hit the gnoll.
The gnoll is lightly wounded.
A gnoll comes into view. It is wielding a +0 whip.
The gnoll hits you but does no damage. x2
You hit the gnoll but do no damage.
The gnoll is lightly wounded.
The gnoll hits you from afar with a +0 halberd.
The gnoll hits you but does no damage.
You completely miss the gnoll.
The gnoll is lightly wounded.
The gnoll barely misses you. The gnoll completely misses you.
You hit the gnoll but do no damage.
The gnoll is lightly wounded.
The gnoll hits you from afar with a +0 halberd!
The gnoll hits you with a +0 spear.
You die...

####.###.######.#
#............#
#.###.########
#.# #.#
#.###.#####
##.#........
#......# #.##...#
#. ##@g# #.
#)....... #.
#g####### #. #g#
#. #.# #. #.# #..
###


You could see 3 gnolls.

Vanquished Creatures
  A gnoll (D:2)
  A dart slug (D:1)
  3 ball pythons
  6 bats
  3 endoplasms
  A giant cockroach (D:1)
  6 goblins
  6 hobgoblins
  2 kobolds (D:1)
  A frilled lizard (D:1)
  2 rats (D:1)
32 creatures vanquished.

Notes
Turn   | Place    | Note
-------+----------+-------------------------------------------
     0 | D:1      | qw the Ghoul Enchanter began the quest for the Orb.
     0 | D:1      | Reached XP level 1. HP: 14/14 MP: 2/2
     0 | D:1      | 0 ||| qw: Version: 0.1-a-108-g9e35731
     0 | D:1      | 0 ||| qw: Game counter: 6256
     0 | D:1      | 0 ||| qw: Always use a shield: true
     0 | D:1      | 0 ||| qw: God list: Okawaru
     0 | D:1      | 0 ||| qw: Allow faded altars: false
     0 | D:1      | 0 ||| qw: Do Orc after D:15 true
     0 | D:1      | 0 ||| qw: Do second Lair branch before Depths: true
     0 | D:1      | 0 ||| qw: Lair rune preference: random
     0 | D:1      | 0 ||| qw: Plans: Normal
     0 | D:1      | 0 ||| PLANNING D:1-11
   257 | D:1      | 257 ||| Stepping ~*~*~tactically~*~*~ (hiding).
   359 | D:1      | 359 ||| Stepping ~*~*~tactically~*~*~ (hiding).
   470 | D:1      | Reached skill level 1 in Axes
   475 | D:1      | 475 ||| SWAPPING to +0 hand axe.
   476 | D:1      | 476 ||| DROPPING +1 dagger.
   508 | D:1      | Reached XP level 2. HP: 20/20 MP: 3/3
   572 | D:1      | Reached skill level 1 in Fighting
   620 | D:1      | HP: 5/23 [hobgoblin (3)]
   859 | D:1      | Found a faded altar of an unknown god.
   900 | D:1      | 900 ||| Stepping ~*~*~tactically~*~*~ (stealth).
   902 | D:1      | 902 ||| Stepping ~*~*~tactically~*~*~ (stealth).
   904 | D:1      | 904 ||| Stepping ~*~*~tactically~*~*~ (stealth).
   908 | D:1      | 908 ||| Stepping ~*~*~tactically~*~*~ (stealth).
   909 | D:1      | 909 ||| Stepping ~*~*~tactically~*~*~ (stealth).
   910 | D:1      | 910 ||| Stepping ~*~*~tactically~*~*~ (stealth).
   915 | D:1      | 915 ||| Stepping ~*~*~tactically~*~*~ (stealth).
   923 | D:1      | 923 ||| Stepping ~*~*~tactically~*~*~ (stealth).
   926 | D:1      | 926 ||| Stepping ~*~*~tactically~*~*~ (stealth).
   936 | D:1      | 936 ||| Stepping ~*~*~tactically~*~*~ (stealth).
   937 | D:1      | 937 ||| Stepping ~*~*~tactically~*~*~ (stealth).
   941 | D:1      | 941 ||| Stepping ~*~*~tactically~*~*~ (stealth).
   942 | D:1      | 942 ||| Stepping ~*~*~tactically~*~*~ (stealth).
   977 | D:1      | 977 ||| Stepping ~*~*~tactically~*~*~ (stealth).
  1054 | D:1      | Reached XP level 3. HP: 28/28 MP: 4/4
  1346 | D:1      | 1346 ||| UPGRADING to +0 helmet.
  1351 | D:1      | 1351 ||| UPGRADING to +0 chain mail.
  1361 | D:1      | 1361 ||| DROPPING +0 robe.
  1362 | D:1      | 1362 ||| READING 2 scrolls labelled PAASMU QAIGAS.
  1366 | D:1      | 1366 ||| READING scroll labelled LUAHUKHUSHA.
  1367 | D:1      | 1367 ||| READING scroll labelled NUPPOA BEKHLEIM.
  1368 | D:1      | 1368 ||| DROPPING 2 potions of invisibility.
  1468 | D:2      | Identified the +4 ring mail "Ojadwups" {rC+ Int+10 Slay+3}
  1634 | D:2      | 1634 ||| Stepping ~*~*~tactically~*~*~ (stealth).
  1779 | D:2      | 1779 ||| Stepping ~*~*~tactically~*~*~ (hiding).
  1781 | D:2      | Reached skill level 1 in Armour
  1794 | D:2      | HP: 4/28 [gnoll/+0 halberd (9)]
  1794 | D:2      | Slain by a gnoll

Levels and vault maps discovered:
D:1:      amcnicky_arrival_feature_with_door, layout_basic,
          ebering_ecumenical_altar_mist
D:2:      layout_loops_ring

Skill      XL: |  1  2  3 |
---------------+----------+-----
Axes           | 1 2 |  2.0
Fighting       | 1 |  1.5
Armour         | 1 |  1.2
Short Blades   | |  0.8
Dodging        | |  1.7
Stealth        | |  3.2
Spellcasting   | |  1.7
Hexes          | |  2.4

Action                   || total
-------------------------++-------
Melee: Dagger            ||    34
       Hand axe          ||    53
Throw: Boomerang         ||    39
  Use: Scroll            ||     3
 Stab: Sleeping          ||     1
Armor: Robe              ||    20
       Chain mail        ||    39
Dodge: Dodged            ||    40

Table legend:
 A = Non-vault XP
 B = Vault XP
 C = Vault XP percentage of total XP
 D = Non-vault monster count
 E = Vault monster count
 F = Vault count percentage of total count
                 A         B        C        D         E       F
            +---------+---------+-------+---------+---------+-------
      Total |      68 |       0 |   0.0 |      32 |       0 |   0.0
            +---------+---------+-------+---------+---------+-------
        D:1 |      43 |       0 |   0.0 |      24 |       0 |   0.0
        D:2 |      25 |       0 |   0.0 |       8 |       0 |   0.0
            +---------+---------+-------+---------+---------+-------
